 Dungeon Crawl Stone Soup version 0.27-a0-1332-g84bddb5ca7 (webtiles) character file.

Game seed: 4330725188285517192

4006 hatdisgam the Slicer (level 10, -4/86 (88) HPs)
             Began as a Naga Transmuter on June 25, 2021.
             Was a Follower of Uskayaw.
             Slain by an orc warrior (10 damage)
             ... on level 8 of the Dungeon.
             The game lasted 00:16:23 (8974 turns).

hatdisgam the Slicer (Naga Transmuter)              Turns: 8974, Time: 00:16:24

HP:   -4/86 (88)    AC:  7    Str: 12    XL:     10   Next: 23%
MP:   13/13         EV: 10    Int: 17    God:    Uskayaw [*.....]
Gold: 361           SH:  0    Dex: 12    Spells: 3/13 levels left

rFire    . . .     SeeInvis +   n - +12 dagger of the Manifold Xalams {chaos, rElec}
rCold    . . .     Faith    .   (no shield)
rNeg     . . .     Spirit   .   a - +0 robe
rPois    +         Reflect  .   (no helmet)
rElec    +         Harm     .   g - +2 cloak
rCorr    .         Rampage  .   (no gloves)
Will     +....                  (no barding)
Stlth    +.........             (no amulet)
HPRegen  0.24/turn              i - ring of wizardry
MPRegen  0.13/turn              u - ring of wizardry

@: confused, very slightly contaminated, hasted and slowed, lightly drained,
invisible, very slow
A: AC +3, large, see invisible, deformed body, poison resistance, slowness 2,
spit poison 1, naga tail 1
a: Spit Poison, Renounce Religion, Stomp


You were on level 8 of the Dungeon.
You worshipped Uskayaw.
Uskayaw was noncommittal.
You visited 1 branch of the dungeon, and saw 8 of its levels.

You collected 399 gold pieces.
You spent 38 gold pieces at shops.

Inventory:

Hand Weapons
 n - the +12 dagger of the Manifold Xalams (weapon) {chaos, rElec}
   (You found it on level 4 of the Dungeon)

   Each time it hits an enemy it has a different, random effect.
   It insulates you from electricity.
 C - a +4 falchion of freezing
Armour
 a - a +0 robe (worn)
 g - a +2 cloak (worn)
Jewellery
 i - a ring of wizardry (left hand)
 k - an amulet of magic regeneration
 u - a ring of wizardry (right hand)
Wands
 r - a wand of iceblast (4)
 s - a wand of flame (28)
 B - a wand of paralysis (3)
Scrolls
 d - 2 scrolls of summoning
 e - 2 scrolls of enchant armour
 f - 2 scrolls of torment
 h - a scroll of vulnerability {unknown}
 j - a scroll of amnesia {unknown}
 o - 3 scrolls of identify
 p - 3 scrolls of fear
 v - a scroll of teleportation
 x - 2 scrolls of immolation
 y - a scroll of silence {unknown}
Potions
 b - a potion of invisibility
 c - 4 potions of lignification
 l - a potion of haste
 m - 3 potions of brilliance
 q - a potion of flight
 w - a potion of attraction {unknown}
 z - a potion of mutation {unknown}
 A - a potion of ambrosia {unknown}


   Skills:
 - Level 5.2 Fighting
 * Level 8.0 Short Blades
 + Level 3.4 Dodging
 - Level 5.3 Unarmed Combat
 - Level 2.0 Spellcasting
 - Level 2.2 Conjurations
 - Level 4.0 Summonings
 - Level 2.7 Transmutations
 - Level 4.0 Ice Magic
 + Level 3.5 Air Magic
 + Level 4.6 Invocations


You had 3 spell levels left.
You knew the following spells:

 Your Spells              Type           Power      Damage    Failure   Level
a - Beastly Appendage     Tmut           22%        N/A       1%          1
b - Magic Dart            Conj           36%        1d4       2%          1
c - Summon Ice Beast      Ice/Summ       15%        N/A       11%         4
d - Summon Lightning Spi  Summ/Air       14%        N/A       11%         4

Your spell library contained the following spells:

 Spells                   Type           Power      Damage    Failure   Level
 Summon Small Mammal      Summ           60%        N/A       1%          1
 Call Imp                 Summ           15%        N/A       1%          2
 Wereblood                Tmut           11%        N/A       2%          2
 Ensorcelled Hibernation  Hex/Ice        16%        N/A       3%          2
 Searing Ray              Conj           18%        3d3       3%          2
 Call Canine Familiar     Summ           15%        N/A       3%          3
 Corona                   Hex            1%         N/A       5%          1
 Summon Guardian Golem    Hex/Summ       8%         N/A       7%          3
 Spider Form              Tmut/Pois      3%         N/A       9%          3
 Dazzling Flash           Conj/Hex       10%        N/A       11%         3
 Confusing Touch          Hex            1%         N/A       16%         3
 Tukima's Dance           Hex            1%         N/A       16%         3
 Ice Form                 Ice/Tmut       13%        N/A       13%         4
 Fulminant Prism          Conj/Hex       2%         3d6       30%         4
 Iskenderun's Mystic Bla  Conj/Tloc      5%         2d3       30%         4


Dungeon Overview and Level Annotations

Branches:
Dungeon (7/15)             Temple (0/1) D:6

Altars:
Fedhas
Nemelex Xobeh
Okawaru
Sif Muna
Uskayaw
Xom
Yredelemnul
The Shining One

Shops:
D:6 *

Annotations:
D:7 1 runed translucent door, Crazy Yiuf
D:8 1 runed translucent door, Gastronok; pokeman's ghost, novice DEWz


Innate Abilities, Weirdness & Mutations

Your serpentine skin is tough. (AC +3)
You have supernaturally acute eyesight. (SInv)
Armour fits poorly on your strangely shaped body.
Your system is resistant to poisons. (rPois)
You cover ground very slowly.
You can spit poison.
You have a snake-like lower body.


Message History

The river rat barely misses you.
You can now pass through a line of other dancers.
You puncture Gastronok!
Gastronok's magic leaks into the air.
Gastronok is heavily wounded.
Gastronok bites you!
* * * LOW HITPOINT WARNING * * *
The river rat barely misses you.
You hit Gastronok but do no damage.
Gastronok is heavily wounded.
Okay, then.
The river rat barely misses you.
As you read the scroll of teleportation, it crumbles to dust.
You feel strangely unstable. Gastronok bites you but does no damage.
You can no longer pass through a line of other dancers.
Gastronok casts a spell.
Gastronok's eyestalks quiver as he mumbles some strange words.
Gastronok puts on a burst of speed!
Your surroundings suddenly seem different.
An orc warrior comes into view. It is wielding a +0 scimitar.
The orc warrior shouts!
An orc comes into view. It is wielding a +0 whip.
The orc shouts!
You hear a shout!
An orc wizard comes into view. It is wielding a +0 dagger.
An orc comes into view. It is wielding a +0 falchion.
Found three items.
Unknown command.
An orc wizard comes into view. It is wielding a +0 dagger.
You fade into invisibility!
The orc wizard points at you and mumbles some strange words.
You are confused.
The orc warrior hits you with a +0 scimitar!
* * * LOW HITPOINT WARNING * * *
You are very lightly contaminated with residual magic.
Okay, then.
You bump into the rock wall.
The orc warrior barely misses you. The orc warrior closely misses you.
The orc hits you but does no damage.
You hit the orc warrior.
Space bends around the orc warrior.
The orc warrior is lightly wounded.
The orc warrior hits you with a +0 scimitar!
You die...

.# .. .. ..
##.. ###.. ..
#. ....# #...
#.. ..
....##..# ....
..
##......#.....
..
....!..#.....
.z #..o...?...
##o@oo.#
#..o...#
#..####..... .
..... .... #
#..... ...
#..... ..
#..... .
......# ##....


You could see an orc warrior, 2 orc wizards and 2 orcs.

Vanquished Creatures
  Pikel (D:6)
  2 humans (D:8)
  A steam dragon (D:8)
  An acid dragon (D:7)
  A water moccasin (D:5)
  A hornet zombie (D:7)
  An orc warrior (D:7)
  3 ice beasts
  3 necrophages
  2 ogres
  2 centaurs
  A phantom (D:6)
  2 lemures (D:6)
  2 bullfrogs
  A wyvern zombie (D:5)
  4 scorpions
  A water moccasin skeleton (D:6)
  3 killer bees (D:7)
  5 wights (D:8)
  3 bullfrog zombies
  7 hounds
  3 bullfrog skeletons
  An orc priest (D:8)
  3 centaur skeletons
  4 iguanas
  3 orc wizards
  A howler monkey skeleton (D:6)
  7 gnolls
  12 adders
  A shadow imp (D:6)
  A white imp (D:7)
  An adder skeleton (D:4)
  2 worms (D:2)
  4 dart slugs
  4 orcs
  6 bats
  6 endoplasms
  4 giant cockroaches
  7 goblins
  7 hobgoblins
  4 jackals (D:3)
  5 kobolds
  3 quokkas
  8 ball pythons
  4 frilled lizards
  2 hobgoblin zombies (D:8)
  2 orc zombies (D:8)
  10 rats
162 creatures vanquished.

Vanquished Creatures (collateral kills)
  An ogre (D:5)
1 creature vanquished.

Vanquished Creatures (others)
  2 fungi (D:4)
2 creatures vanquished.

Grand Total: 165 creatures vanquished

Notes
Turn   | Place    | Note
-------+----------+-------------------------------------------
     0 | D:1      | hatdisgam the Naga Transmuter began the quest for the Orb.
     0 | D:1      | Reached XP level 1. HP: 18/18 MP: 3/3
   102 | D:1      | Reached XP level 2. HP: 7/25 MP: 3/5
   696 | D:1      | Reached XP level 3. HP: 26/31 MP: 3/6
  1345 | D:1      | Learned a level 1 spell: Magic Dart
  1644 | D:2      | Reached XP level 4. HP: 23/39 MP: 7/7
  2462 | D:3      | Learned a level 4 spell: Summon Ice Beast
  2598 | D:3      | Noticed a scorpion
  2602 | D:3      | Killed a scorpion
  2603 | D:3      | Reached XP level 5. HP: 46/46 MP: 6/8
  2814 | D:3      | Reached skill level 1 in Summonings
  2842 | D:3      | Reached skill level 1 in Ice Magic
  2977 | D:3      | Found a faded altar of an unknown god.
  3290 | D:4      | Noticed a necrophage
  3304 | D:4      | Killed a necrophage
  3305 | D:4      | Reached XP level 6. HP: 32/55 MP: 9/9
  3454 | D:4      | Reached skill level 5 in Unarmed Combat
  3468 | D:4      | Found a shimmering blue altar of Sif Muna.
  3772 | D:4      | Identified the +12 dagger of the Manifold Xalams {chaos,
                  | rElec}
  4109 | D:4      | Reached XP level 7. HP: 55/62 MP: 10/10
  4208 | D:4      | Reached skill level 1 in Short Blades
  4409 | D:5      | Entered Level 5 of the Dungeon
  4635 | D:5      | Reached skill level 2 in Short Blades
  5011 | D:5      | Found a basalt altar of Yredelemnul.
  5018 | D:5      | Reached skill level 3 in Short Blades
  5096 | D:5      | Reached XP level 8. HP: 68/72 MP: 11/11
  5425 | D:5      | Found a hide-covered altar of Uskayaw.
  5438 | D:5      | Became a worshipper of Uskayaw the Reveller
  5483 | D:6      | Reached * piety under Uskayaw
  5524 | D:6      | Found a glowing golden altar of the Shining One.
  5536 | D:6      | Reached ** piety under Uskayaw
  5763 | D:6      | Noticed Pikel
  5777 | D:6      | Killed Pikel
  5778 | D:6      | Reached skill level 4 in Short Blades
  5822 | D:6      | Reached skill level 1 in Conjurations
  5826 | D:6      | Reached skill level 5 in Short Blades
  5826 | D:6      | Reached *** piety under Uskayaw
  5830 | D:6      | Reached skill level 1 in Invocations
  5830 | D:6      | Reached **** piety under Uskayaw
  5833 | D:6      | Reached ***** piety under Uskayaw
  5836 | D:6      | Reached skill level 5 in Fighting
  5836 | D:6      | Reached XP level 9. HP: 48/81 MP: 12/12
  6460 | D:6      | Found Sestroxe's General Store.
  6469 | D:6      | Bought a scroll of fear for 38 gold pieces
  6484 | D:6      | Learned a level 4 spell: Summon Lightning Spire
  6520 | D:6      | Found a sparkling altar of Nemelex Xobeh.
  6527 | D:6      | Reached skill level 6 in Short Blades
  6710 | D:6      | Found a staircase to the Ecumenical Temple.
  6775 | D:6      | Reached skill level 1 in Air Magic
  7583 | D:7      | Reached skill level 7 in Short Blades
  7710 | D:7      | Found a blossoming altar of Fedhas.
  7734 | D:7      | Found a runed translucent door.
  7735 | D:7      | Noticed Crazy Yiuf
  8187 | D:7      | You fall into a shaft and drop 1 floor!
  8188 | D:8      | Found a runed translucent door.
  8188 | D:8      | Found a shimmering altar of Xom.
  8188 | D:8      | Noticed pokeman's ghost (novice DEWz)
  8200 | D:8      | Reached XP level 10. HP: 37/88 MP: 13/13
  8202 | D:8      | Noticed a +6 hand axe of chaos
  8516 | D:8      | Found an iron altar of Okawaru.
  8526 | D:8      | Paralysed by a human for 4 turns
  8735 | D:8      | Reached skill level 8 in Short Blades
  8944 | D:8      | Noticed Gastronok
  8974 | D:8      | Slain by an orc warrior

Illustrated notes

Levels and vault maps discovered:
D:1:      co_arrival_random_square_maze, layout_loops_ring,
          chequers_serial_rivers_micro_a, glass_columns_c
D:2:      minmay_skewed_foursquare, layout_basic
D:3:      layout_basic, shapermc_ecumenical_altar_hornbeckon,
          serial_park_tiny_pond
D:4:      layout_basic, led_sif_book, serial_aquarium, aquarium_bridge_square
          [aquarium_subvault_window, aquarium_subvault_bridge,
          aquarium_subvault_window, aquarium_subvault_bridge],
          aquarium_window_2, aquarium_window_corridor_2, aquarium_view_2e,
          aquarium_pool_five
D:5:      layout_rooms, overflow_temple_1_default,
          eat_drink_and_be_merry_uskayaw, kennysheep_path_1
D:6:      minmay_general_purpose_star, layout_loops_ring,
          nemelex_dance_club_becter, nicolae_overflow_hidden_temple,
          temple_green, serial_shops, nicolae_lakefront_shop, uniq_pikel
D:7:      minmay_inner_zag, layout_loops_corners,
          nicolae_overflow_crystal_walls, uniq_joseph, uniq_crazy_yiuf_cottage
D:8:      layout_cave_pools, lemuel_zombie_altar_kikubaaqudgha, okawaru_humans,
          ebering_ghost_xom, minmay_mini_ossuary, uniq_gastronok

Skill      XL: |  1  2  3  4  5  6  7  8  9 10 |
---------------+-------------------------------+-----
Unarmed Combat | 4 5 |  5.3
Fighting       | 2 3 5 |  5.2
Summonings     | 1 2 3 4 |  4.0
Ice Magic      | 1 2 3 4 |  4.0
Short Blades   | 3 5 7 8 |  8.0
Conjurations   | 1 2 |  2.2
Invocations    | 1 4 |  4.6
Air Magic      | 2 3 |  3.5
Dodging        | 3 |  3.4
Spellcasting   | |  2.0
Transmutations | |  2.7

Action                   |  1- 3 |  4- 6 |  7- 9 | 10-12 || total
-------------------------+-------+-------+-------+-------++-------
Melee: Unarmed           |   110 |   147 |       |       ||   257
       Headbutt          |     5 |     6 |       |       ||    11
       Punch             |       |     4 |     3 |       ||     7
       Dagger            |       |     7 |   223 |    62 ||   292
 Cast: Beastly Appendage |    15 |    11 |     1 |       ||    27
       Summon Ice Beast  |       |       |     2 |       ||     2
 Abil: Spit Poison       |    18 |    17 |     5 |       ||    40
  Use: Scroll            |       |     4 |     9 |     1 ||    14
       Potion            |       |       |       |     4 ||     4
 Stab: Sleeping          |     1 |     1 |     1 |       ||     3
       Paralysed         |       |       |     6 |     4 ||    10
       Confused          |       |       |     3 |       ||     3
Armor: Robe              |    46 |    68 |    81 |    13 ||   208
Dodge: Dodged            |    34 |    75 |    77 |    27 ||   213

Table legend: (Time is in decaauts)
 A = Elapsed time spent in this place.
 B = Non-inter-level travel time spent in this place.
 C = Inter-level travel time spent in this place.
 D = Time resting spent in this place.
 E = Time spent auto-exploring this place.
 F = Levels seen in this place.
 G = Mean time per level.
                   A        B        C        D        E       F      G
               +--------+--------+--------+--------+--------+-----+--------+
         Total |  10773 |  10531 |    242 |    211 |   9076 |   8 | 1346.6 |
       Dungeon |  10773 |  10531 |    242 |    211 |   9076 |   8 | 1346.6 |
               +--------+--------+--------+--------+--------+-----+--------+

Top non-repeatable levels by time:
     D:6: 1791 daAuts
     D:1: 1637 daAuts
     D:7: 1447 daAuts
     D:4: 1389 daAuts
     D:3: 1283 daAuts
     D:5: 1249 daAuts
     D:2: 1134 daAuts
     D:8: 840 daAuts
